Map: Frozen Temple

Players

Harstem - Winner!

  • Race: Protoss Protoss
  • League: Grandmaster

Captnfingers

  • Race: Protoss Protoss
  • League: Grandmaster

VOD

Have the link to the VOD?

Description

Time

  • Played on: July 4, 2016, 12:23 p.m.
  • Length: 11:36
Show
View Real Time Build Order
Export as new Build Order

Harstem Protoss - Winner!

Build Orders:  

Get SALT Encoding   

  12  0:01  Probe (Chrono Boost)  
  13  0:12  Probe (Chrono Boost)  
  14  0:20  Pylon  
  14  0:23  Probe (Chrono Boost)  
  15  0:38  Probe (Chrono Boost)  
  15  0:39  Gateway  
  16  0:49  Probe (Chrono Boost)  
  17  0:56  Assimilator  
  17  0:58  Assimilator  
  17  1:00  Probe (Chrono Boost)  
  18  1:10  Probe (Chrono Boost)  
  19  1:12  Gateway  
  19  1:21  Probe (Chrono Boost)  
  20  1:27  Cybernetics Core  
  20  1:31  Probe (Chrono Boost)  
  21  1:37  Pylon  
  21  1:42  Probe (Chrono Boost)  
  22  1:53  Probe (Chrono Boost)  
  23  2:03  Warp Gate (Chrono Boost)  
  23  2:08  Nexus  
  23  2:15  Mothership Core  
  27  2:23  Stalker (Chrono Boost)  
  27  2:31  Stalker (Chrono Boost)  
  29  2:39  Pylon  
  30  2:55  Stalker (Chrono Boost)  
  30  2:57  Probe  
  32  3:01  Stalker (Chrono Boost)  
  34  3:09  Probe  
  35  3:15  Robotics Facility  
  35  3:18  Probe  
  35  3:23  Pylon  
  38  3:28  Sentry (Chrono Boost), Probe  
  38  3:29  Probe  
  40  3:40  Probe x2 (Chrono Boost)  
  41  3:51  Forge, Probe (Chrono Boost)  
  41  3:52  Probe (Chrono Boost)  
  43  4:02  Probe (Chrono Boost), Stalker  
  46  4:03  Probe (Chrono Boost)  
  46  4:04  Observer (Chrono Boost)  
  46  4:06  Sentry  
  50  4:12  Protoss Ground Weapons Level 1 (Chrono Boost)  
  50  4:13  Probe x2  
  52  4:24  Probe  
  52  4:26  Probe  
  54  4:31  Phoenix  
  54  4:35  Probe  
  54  4:38  Probe  
  56  4:42  Immortal (Chrono Boost), Pylon  
  60  4:47  Probe  
  60  4:50  Probe  
  62  4:53  Pylon  
  62  5:00  Probe  
  62  5:05  Stalker x2, Assimilator  
  62  5:06  Probe  
  68  5:07  Assimilator  
  68  5:10  Pylon  
  68  5:19  Immortal (Chrono Boost), Probe  
  74  5:30  Nexus  
  74  5:31  Probe  
  74  5:33  Probe  
  75  5:40  Twilight Council  
  75  5:43  Probe  
  75  5:47  Probe  
  77  5:52  Warp Prism (Chrono Boost)  
  79  6:01  Probe x2 (Chrono Boost), Protoss Ground Weapons Level 2  
  81  6:06  Pylon  
  81  6:07  Pylon  
  81  6:13  Probe x2 (Chrono Boost), Pylon  
  83  6:19  Charge (Chrono Boost)  
  83  6:24  Probe  
  84  6:27  Probe  
  85  6:36  Probe  
  85  6:38  Immortal  
  85  6:39  Probe  
  91  6:48  Probe  
  91  6:49  Probe  
  91  6:51  Probe  
  91  6:53  Pylon  
  94  6:55  Zealot x2  
  94  6:59  Gateway, Probe  
  94  7:00  Probe  
  100  7:01  Gateway  
  100  7:08  Templar Archives  
  100  7:10  Gateway, Probe  
  100  7:13  Gateway  
  101  7:17  Probe  
  102  7:24  Probe  
  102  7:25  Probe  
  102  7:28  Immortal, Zealot x2  
  112  7:30  Probe  
  112  7:32  Assimilator  
  112  7:35  Assimilator  
  114  7:38  Gateway  
  114  7:43  Photon Cannon  
  113  7:57  Zealot  
  113  7:58  Zealot x2, Protoss Ground Weapons Level 3  
  119  8:13  High Templar x3  
  119  8:15  Probe  
  119  8:16  Pylon  
  119  8:18  Immortal (Chrono Boost)  
  119  8:19  Archon, High Templar  
  132  8:24  Pylon x2  
  132  8:25  Archon, Pylon  
  132  8:26  Pylon  
  132  8:35  Pylon  
  132  8:36  High Templar x2  
  132  8:37  Nexus  
  132  8:38  Pylon  
  132  8:39  Pylon  
  132  8:41  Archon  
  136  8:47  Pylon  
  136  8:48  Probe x2  
  138  8:52  High Templar x2  
  138  8:53  Immortal (Chrono Boost)  
  138  8:54  Zealot x2  
  150  9:02  Archon  
  150  9:06  Zealot  
  152  9:11  Zealot x2, Pylon  
  156  9:20  Zealot x2  
  156  9:23  Pylon  
  160  9:27  Photon Cannon, Immortal (Chrono Boost)  
  160  9:29  High Templar  
  160  9:30  Zealot, High Templar  
  170  9:34  Archon  
  162  9:40  Zealot x2  
  162  9:44  Zealot x2  
  124  9:54  Zealot  
  108  10:01  Zealot x2  
  108  10:04  Immortal (Chrono Boost)  
  108  10:07  Zealot x4  
  120  10:30  Zealot x4  
  120  10:31  Zealot x3, Probe  
  120  10:35  Gateway  
  135  10:37  Gateway  
  135  10:38  Immortal (Chrono Boost)  
  135  10:40  Gateway  
  137  10:52  High Templar x4  
  137  10:53  High Templar x2  
  137  10:54  Zealot  
  137  10:57  Archon x2, Pylon  
  151  10:58  Archon, Pylon  
  151  11:17  Zealot  
  125  11:26  Zealot x6  
Show
View Real Time Build Order
Export as new Build Order

Captnfingers Protoss 

Build Orders: Zealot Archon 

Get SALT Encoding   

  12  0:01  Probe (Chrono Boost)  
  13  0:11  Probe (Chrono Boost)  
  14  0:19  Pylon  
  14  0:22  Probe (Chrono Boost)  
  15  0:37  Probe (Chrono Boost)  
  15  0:38  Gateway  
  16  0:43  Assimilator  
  16  0:50  Assimilator  
  16  0:53  Probe (Chrono Boost)  
  18  1:04  Probe (Chrono Boost)  
  18  1:08  Gateway  
  18  1:14  Probe (Chrono Boost)  
  19  1:25  Probe (Chrono Boost)  
  20  1:27  Cybernetics Core  
  20  1:31  Pylon  
  20  1:35  Probe (Chrono Boost)  
  21  1:46  Probe (Chrono Boost)  
  22  1:56  Probe (Chrono Boost)  
  23  2:04  Warp Gate (Chrono Boost)  
  23  2:06  Adept x2  
  28  2:08  Probe  
  28  2:14  Pylon  
  30  2:23  Mothership Core  
  30  2:33  Stalker x2  
  35  2:44  Probe  
  35  2:56  Probe  
  36  3:03  Nexus  
  36  3:11  Robotics Facility  
  36  3:16  Pylon  
  37  3:20  Probe  
  37  3:32  Probe  
  38  3:44  Probe (Chrono Boost)  
  35  3:49  Forge  
  35  3:53  Sentry x2  
  35  3:54  Probe (Chrono Boost)  
  40  3:59  Observer (Chrono Boost)  
  41  4:10  Probe  
  41  4:14  Immortal (Chrono Boost)  
  41  4:15  Probe  
  43  4:22  Probe  
  43  4:23  Protoss Ground Weapons Level 1 (Chrono Boost)  
  48  4:28  Probe  
  48  4:30  Assimilator  
  49  4:32  Assimilator  
  49  4:33  Sentry  
  49  4:35  Probe  
  52  4:40  Probe, Pylon  
  53  4:47  Probe  
  53  4:52  Probe  
  55  4:55  Twilight Council  
  55  4:57  Immortal  
  55  4:59  Probe  
  56  5:04  Probe  
  61  5:10  Pylon  
  61  5:11  Probe  
  62  5:16  Probe  
  63  5:23  Probe  
  63  5:28  Probe  
  65  5:31  Immortal  
  65  5:36  Probe  
  65  5:42  Nexus  
  70  5:43  Pylon  
  70  5:55  Charge  
  70  5:57  Probe x2  
  72  6:07  Protoss Ground Weapons Level 2 (Chrono Boost), Pylon  
  72  6:08  Observer  
  72  6:09  Probe  
  74  6:14  Probe, Pylon  
  75  6:21  Probe  
  76  6:26  Immortal  
  76  6:27  Pylon  
  76  6:28  Adept  
  76  6:29  Adept  
  84  6:43  Gateway  
  84  6:44  Gateway  
  84  6:45  Gateway  
  84  6:51  Templar Archives  
  84  6:53  Probe  
  85  6:54  Probe  
  85  6:55  Probe  
  85  7:01  Warp Prism  
  87  7:05  Probe  
  90  7:09  Zealot  
  90  7:10  Zealot  
  90  7:14  Probe x2  
  93  7:23  Probe, Pylon  
  93  7:29  Probe  
  94  7:30  Probe  
  94  7:34  Gateway  
  94  7:35  Gateway  
  94  7:36  Pylon  
  96  7:40  Probe  
  96  7:41  Probe  
  96  7:43  High Templar  
  96  7:44  High Templar x3  
  104  7:48  Archon  
  104  7:49  Archon, Assimilator  
  106  7:52  Probe  
  106  7:53  Assimilator  
  106  7:54  Probe x2  
  106  7:55  Pylon  
  109  8:04  Zealot  
  111  8:16  Probe  
  111  8:17  High Templar x2  
  111  8:18  High Templar x2  
  120  8:21  Gateway  
  120  8:22  Gateway  
  120  8:25  Protoss Ground Armor Level 1 (Chrono Boost)  
  120  8:26  Probe, Archon x2  
  121  8:29  Pylon  
  121  8:33  Photon Cannon  
  121  8:36  Zealot  
  121  8:37  Zealot x2  
  127  8:42  Pylon  
  127  8:55  Pylon  
  127  9:00  High Templar x4  
  127  9:01  Zealot x3  
  141  9:04  Archon x2  
  141  9:09  Photon Cannon  
  141  9:19  Pylon  
  141  9:24  Zealot x2  
  141  9:25  Zealot x3  
  151  9:44  Zealot x5  
  151  9:45  Zealot  
  129  9:47  Zealot x3  
  129  9:51  Observer  
  104  9:53  Probe  
  88  10:05  Probe  
  85  10:09  Immortal, High Templar x2  
  85  10:10  High Templar x2  
  85  10:11  Zealot x4  
  85  10:12  Zealot  
  103  10:17  Archon  
  103  10:18  Archon  
  103  10:23  Pylon  
  99  10:32  Nexus  
  99  10:36  High Templar  
  99  10:37  High Templar x3  
  99  10:41  Archon x2  
  107  10:47  Zealot  
  107  10:48  Zealot x4  
  117  10:55  Immortal  
  117  10:56  Pylon  
  120  11:11  Zealot x7  
  119  11:12  Zealot  
  101  11:22  Zealot  
Tags
 
Add a new tag
Caveats
  • Supply blocks, unpowered buildings, or Contaminate may cause inaccurate times.
  • Supply counts are checked every 10 seconds.